cohdb
Replays
Latest Replays
All Replays
Popular Replays
Top Player Replays
Match Explorer
How It Works
Community
CoH3 Stats
Reddit
Sign in to upload your games and track your stats! →
Sign in with Steam
Match 44477481
Unlisted
Match 44477481
Overview
Messages
Build Orders
End
Engineer Squad
Selects Special Operations Battlegroup
Selects M29 Weasel Recon Vehicle
M29 Weasel Recon Vehicle
Construct Barracks
Riflemen Squad
Riflemen Squad
Grenade Package
Selects Raiding Flares
Infantry Support Center
Construct Medical Station
Raiding Flares
M1 Mortar Team
Construct Motor Pool
Selects SSF Commando Squad
Raiding Flares
SSF Commando Squad
M24 Chaffee Light Tank
Raiding Flares
Selects Mark Vehicle
Construct Tank Depot
Raiding Flares
Selects UNKNOWN (2162291)
M4A1 Sherman Whizbang
Selects Air Re-supply Operation
Air Re-Supply Operation
M4A1 Sherman Whizbang
M4A1 Sherman Whizbang
Raiding Flares
M4A1 Sherman Whizbang
Raiding Flares
Mark Vehicle
SSF Commando Squad
Raiding Flares
SSF Commando Squad
M18 Hellcat Tank Destroyer
Raiding Flares
M4A1 Sherman Whizbang
M4A1 Sherman Whizbang
Engineer Squad
Raiding Flares
Raiding Flares
Raiding Flares
SSF Commando Squad
Raiding Flares
Air Re-Supply Operation
Raiding Flares
RoninWolf
Serial Chiller
Mundek
Gratin
CPU - Hard
K0udy^cZ
tizuswang
[HAN] tetezhu
0
0
Comments
sign in to comment!
No comments posted yet!